 Dungeon Crawl Stone Soup version 0.21.1-1-g345015f (webtiles) character file.

14443 tidbits the Thaumaturge (level 12, -4/94 HPs)
             Began as a Gnoll Skald on June 22, 2018.
             Was a High Priest of Cheibriados.
             Slain by a merfolk javelineer
             ... wielding a +0 spear of flaming
              (5 damage)
             ... on level 3 of the Shoals.
             The game lasted 00:47:07 (2900 turns).

tidbits the Thaumaturge (Gnoll Skald)               Turns: 2900, Time: 00:47:07

Health: -4/94      AC:  0    Str: 23 (26) XL:     12   Next: 16%
Magic:  12/24      EV: 23    Int: 33 (35) God:    Cheibriados [*****.]
Gold:   154        SH:  0    Dex: 25 (26) Spells: 7/28 levels left

rFire    . . .     SeeInvis .     - Unarmed
rCold    . . .     Gourm    .   (shield currently unavailable)
rNeg     . . .     Faith    +   (armour currently unavailable)
rPois    .         Spirit   .   (helmet currently unavailable)
rElec    .         Reflect  .   (cloak currently unavailable)
rCorr    .         Harm     .   (gloves currently unavailable)
MR       .....                  (boots currently unavailable)
Stlth    ++++......             v - amulet of faith
HPRegen  0.25/turn              (ring currently unavailable)
MPRegen  0.19/turn              (ring currently unavailable)

@: brilliant, lethally poisoned (-4 -> -14), pig-form, singing, drained, very
slow
A: small, distributed training, strong nose
a: Bend Time, Temporal Distortion, Slouch, Step From Time, Renounce Religion


You were on level 3 of the Shoals.
You worshipped Cheibriados.
Cheibriados was extremely pleased with you.
You were not hungry.
You were a filthy swine.
You visited 3 branches of the dungeon, and saw 16 of its levels.
You also visited: Ossuary.

You collected 284 gold pieces.
You spent 130 gold pieces at shops.

Inventory:

Hand Weapons
 a - the +8 spear of Woicsayl {flame, rPois rN+ MR- MP+9}
   (You found it on level 6 of the Dungeon)

   It has been specially enchanted to burn those struck by it, causing extra
   injury to most foes and up to half again as much damage against particularly
   susceptible opponents.
   It protects you from poison.
   It protects you from negative energy.
   It affects your resistance to hostile enchantments.
   It affects your magic capacity (+9).
 b - a +0 war axe
 s - a +0 morningstar
 M - a +1 dagger of venom
   (You took it off an orc wizard on level 5 of the Dungeon)
 R - a +2 flail of protection (melded)
   (You took it off Edmund on level 5 of the Dungeon)
Missiles
 m - 17 tomahawks (quivered)
 x - 53 sling bullets
 I - 5 javelins
 N - 3 throwing nets {!f}
 U - 30 arrows
Armour
 i - a +1 robe of cold resistance
   (You took it off Fannar on level 10 of the Dungeon)
 u - a +0 leather armour of cold resistance
   (You found it on level 2 of the Dungeon)
 B - a +1 ring mail of poison resistance (melded)
   (You took it off an orc on level 3 of the Dungeon)
 D - a +0 buckler (melded)
 E - a +2 helmet (melded)
 G - a +0 pair of gloves (melded)
Magical Staves
 g - an uncursed staff of power {!a}
   (You found it on level 3 of the Shoals)
 L - an uncursed staff of wizardry {!a}
   (You found it on level 6 of the Dungeon)
 X - an uncursed staff of death
   (You found it on level 7 of the Dungeon)
Jewellery
 k - a ring of positive energy (melded)
   (You found it on level 1 of the Dungeon)
 p - an uncursed amulet of regeneration
   (You found it on level 2 of the Dungeon)
 q - an uncursed ring of ice
   (You took it off Fannar on level 10 of the Dungeon)
 v - an amulet of faith (around neck)
   (You found it on level 3 of the Dungeon)
 J - an uncursed ring of fire
   (You found it on level 5 of the Dungeon)
 T - a ring of poison resistance (melded)
   (You found it on level 8 of the Dungeon)
Wands
 f - a wand of flame (56)
 h - a wand of clouds (2)
 O - a wand of iceblast (3)
Scrolls
 l - 5 scrolls of amnesia
 n - a scroll of teleportation
 o - 2 scrolls of fog
 r - 6 scrolls of remove curse
 y - a scroll of immolation
 S - a scroll of fear {unknown}
 Z - 2 scrolls of blinking {unknown}
Potions
 e - 4 potions of brilliance
 j - a potion of cancellation {unknown}
 t - a potion of invisibility {unknown}
 z - 3 potions of haste {unknown}
 A - 5 potions of curing
 C - 2 potions of might {unknown}
 F - a potion of ambrosia
 H - 2 potions of degeneration
 K - 2 potions of agility {unknown}
 P - a potion of flight {unknown}
 V - 2 potions of berserk rage
Books
 d - a book of Battle

   Spells                             Type                      Level
   a - Infusion                       Charms                       1
   b - Shroud of Golubria             Charms/Translocation         2
   c - Song of Slaying                Charms                       2
   d - Spectral Weapon                Hexes/Charms                 3
   e - Regeneration                   Charms/Necromancy            3
 w - a book of Necromancy
   (You found it on level 2 of the Lair of Beasts)

   Spells                             Type                      Level
   a - Pain                           Necromancy                   1
   b - Animate Skeleton               Necromancy                   1
   c - Vampiric Draining              Necromancy                   3
   d - Regeneration                   Charms/Necromancy            3
   e - Animate Dead                   Necromancy                   4
   f - Borgnjor's Vile Clutch         Necromancy/Earth             5
Miscellaneous
 Y - a phantom mirror
Comestibles
 c - 8 rations


   Skills:
 + Level 8.4(8.0) Fighting
 + Level 6.9(6.6) Short Blades
 + Level 6.9(6.6) Long Blades
 + Level 8.4(8.0) Axes
 + Level 6.9(6.6) Maces & Flails
 + Level 6.9(6.6) Polearms
 + Level 6.9(6.6) Staves
 + Level 6.9(6.6) Slings
 + Level 6.9(6.6) Bows
 + Level 6.9(6.6) Crossbows
 + Level 6.9(6.6) Throwing
 + Level 7.4(7.1) Armour
 + Level 8.4(8.0) Dodging
 + Level 6.9(6.6) Stealth
 + Level 6.9(6.6) Shields
 + Level 6.9(6.6) Unarmed Combat
 + Level 8.6(8.3) Spellcasting
 + Level 5.7(5.4) Conjurations
 + Level 5.7(5.4) Hexes
 + Level 8.0(7.7) Charms
 + Level 5.7(5.4) Summonings
 + Level 5.7(5.4) Necromancy
 + Level 5.7(5.4) Translocations
 + Level 5.7(5.4) Transmutations
 + Level 5.7(5.4) Fire Magic
 + Level 5.7(5.4) Ice Magic
 + Level 5.7(5.4) Air Magic
 + Level 5.7(5.4) Earth Magic
 + Level 5.7(5.4) Poison Magic
 + Level 7.5(7.2) Invocations
 + Level 6.9(6.6) Evocations


You had 7 spell levels left.
You knew the following spells:

 Your Spells              Type           Power        Failure   Level  Hunger
g - Shroud of Golubria    Chrm/Tloc      ######....   1%          2    None
i - Infusion              Chrm           ####         1%          1    None
n - Animate Skeleton      Necr           N/A          1%          1    None
r - Regeneration          Chrm/Necr      ######....   1%          3    None
v - Borgnjor's Vile Clut  Necr/Erth      ######....   1%          5    ####...
w - Spectral Weapon       Hex/Chrm       ######..     1%          3    None
y - Song of Slaying       Chrm           ######..     1%          2    None
N - Animate Dead          Necr           N/A          1%          4    None


Dungeon Overview and Level Annotations

Branches:
Dungeon (11/15)              Lair (2/6) D:10         Shoals (3/4) Lair:2
 Temple: D:4-7        Snake: Lair:2-4    Spider: Lair:2-4       Orc: D:9-12

Altars:
Cheibriados
Fedhas
Okawaru
Ru
Sif Muna
Uskayaw
Wu Jian

Shops:
D:4 ?   D:5 !   Shoals:3 *

Annotations:
Shoals:3 Bai Suzhen, Kirke


Innate Abilities, Weirdness & Mutations

Your experience applies equally to all skills.
((You have very sharp teeth.))
Your uncanny sense of smell can sniff out nearby items.


Message History

Okay, then.
Unknown command.
Unknown command.
Okay, then.
Unknown command.
It was a potion of brilliance.
You feel clever all of a sudden.
You can't do that in your present form.
That item cannot be evoked!
Unknown command.
Okay, then.
Unknown command.
Unknown command.
Evoke which item? (* to show all) (? for menu, Esc to quit)
You have no means to grasp a wand firmly enough.
Unknown command.
Unknown command.
Unknown command.
Okay, then.
Unknown command.
As you read the scroll of teleportation, it crumbles to dust.
You feel strangely unstable. The hog closely misses you.
Your surroundings suddenly seem different.
Found a robe, 2 bubbling white potions and 22 gold pieces.
A sea snake, a snapping turtle, a water elemental and Bai Suzhen come into view.
Bai Suzhen is wielding a quarterstaff of draining.
Unknown command.
Unknown command.
Unknown command.
Unknown command.
Unknown command.
Unknown command.
Unknown command.
Unknown command.
Unknown command.
Unknown command.
Unknown command.
Unknown command.
Unknown command.
Unknown command.
Unknown command.
Unknown command.
Unknown command.
Unknown command.
Okay, then.
Unknown command.
Unknown command.
Okay, then.
Unknown command.
Okay, then.
Unknown command.
Unknown command.
As you read the scroll of teleportation, it crumbles to dust.
You feel strangely unstable.
Bai Suzhen roars!
The snapping turtle hisses angrily.
You hear a shout!
You hear a bleat!
Unknown command.
The sea snake completely misses you. The sea snake bites you!
You are poisoned.
The sea snake poisons you!
You hear a bleat!
Unknown command.
You feel very sick.
Bai Suzhen pines for her lost husband.
The sea snake misses you.
Bai Suzhen hits you with a quarterstaff of draining.
You feel drained. Bai Suzhen tail-slaps you! The water elemental hits you!
* * * LOW HITPOINT WARNING * * *
The water elemental engulfs you in water!
Unknown command.
You feel better.
* * * LOW HITPOINT WARNING * * *
Your lungs strain for air!
Your surroundings suddenly seem different.
Found an elephant corpse and a snapping turtle corpse.
Found a hide-covered altar of Uskayaw.
An elephant, 2 snapping turtles, a merfolk javelineer and 3 meliai come into view.
The merfolk javelineer is wielding a spear of flaming.
A meliai is wielding a war axe of flaming.
Unknown command.
Unknown command.
Okay, then.
Unknown command.
It was a potion of degeneration.
There was something very wrong with that liquid.
You feel weakened.
You feel dopey.
You feel clumsy.
You gasp with relief as air once again reaches your lungs.
The meliai buzzes angrily.
The merfolk javelineer shouts!
The meliai buzzes angrily.
The snapping turtle hisses angrily.
You hear a shout!
The meliai buzzes angrily.
The meliai hits you with a war axe!!
* * * LOW HITPOINT WARNING * * *
The meliai stings you!
* * * LOW HITPOINT WARNING * * *
You are lethally poisoned!
The meliai poisons you!
The merfolk javelineer hits you from afar with a spear of flaming!
* * * LOW HITPOINT WARNING * * *
The merfolk javelineer burns you.
You die... ∆ #### ∆ #†my###∆∆∆ P.Phy#

#...#≈≈# ∆
..≈≈.Y. ≈...#
..#≈P.P #..y.#
..≈≈≈t≈ ..t...
..≈P≈≈≈ ..#...
.≈≈..≈. .....
≈≈...≈.
≈###.∆....≈≈≈≈
###..###..≈≈≈≈≈


You could see a merfolk javelineer, an elephant, 2 snapping turtles and 3
meliai.

Vanquished Creatures
  Fannar (D:10)
  A merfolk aquamancer (Shoals:1)
  A two-headed ogre (D:10)
  A sea snake (Shoals:2)
  A manticore (Shoals:3)
  A merfolk siren (Shoals:2)
  Joseph (D:7)
  A water nymph (Shoals:1)
  3 spiny frogs
  A troll (D:10)
  3 merfolk (Shoals:1)
  2 dream sheep (Shoals:1)
  A snapping turtle (Lair:2)
  3 hippogriffs
  11 yaks
  A hog (Shoals:3)
  2 water elementals (Shoals:1)
  3 basilisks (D:10)
  A hungry ghost (D:7)
  Edmund (D:5)
  A water moccasin (Lair:2)
  9 porcupines
  2 necrophages (D:7)
  An orc warrior (D:9)
  An ice beast (D:7)
  9 wolves (Lair:2)
  The ghost of Thian the Charmwright, an amateur MfSk (D:3)
  6 ogres
  3 crocodiles
  Blork the orc (D:5)
  9 bullfrogs
  2 water moccasin zombies (Ossuary)
  A wyvern skeleton (D:9)
  A scorpion (D:9)
  2 killer bees (D:8)
  A howler monkey (D:10)
  An electric eel (Lair:2)
  2 crimson imps
  A quasit (D:7)
  A centaur zombie (D:7)
  2 hounds
  2 jellies
  A centaur skeleton (D:4)
  4 orc priests
  Ijyb (D:5)
  2 iguanas
  7 orc wizards
  3 worker ants (D:4)
  5 big kobold zombies (Ossuary)
  A hound zombie (D:8)
  2 mummies (Ossuary)
  7 gnolls
  7 adders
  An ooze (D:3)
  2 adder skeletons
  4 adder zombies (Ossuary)
  A dart slug (D:3)
  3 leopard geckos
  23 orcs
  3 giant cockroaches
  3 goblins
  9 hobgoblins
  5 jackals
  3 kobolds (D:1)
  4 quokkas
  A ball python (D:7)
  3 bats
  8 frilled lizards
  2 gnoll zombies (Ossuary)
  7 hobgoblin zombies (Ossuary)
  6 kobold zombies (Ossuary)
  3 orc zombies (Ossuary)
  A quokka zombie (D:7)
  3 rats
234 creatures vanquished.

Vanquished Creatures (collateral kills)
  A cyclops (Shoals:1)
1 creature vanquished.

Vanquished Creatures (others)
  4 spectral weapons
4 creatures vanquished.

Grand Total: 239 creatures vanquished

Notes
Turn   | Place    | Note
-------+----------+-------------------------------------------
     0 | D:1      | tidbits the Gnoll Skald began the quest for the Orb.
     0 | D:1      | Reached XP level 1. HP: 20/20 MP: 6/6
    61 | D:1      | Reached XP level 2. HP: 24/26 MP: 2/7
    68 | D:1      | Learned a level 2 spell: Song of Slaying
    71 | D:1      | Learned a level 2 spell: Shroud of Golubria
   276 | D:2      | Reached XP level 3. HP: 28/31 MP: 3/9
   283 | D:2      | Learned a level 3 spell: Regeneration
   287 | D:2      | Learned a level 3 spell: Spectral Weapon
   330 | D:2      | Reached skill level 5 in Spellcasting
   453 | D:3      | Reached skill level 1 in Invocations
   482 | D:3      | Reached skill level 1 in Short Blades
   482 | D:3      | Reached skill level 1 in Long Blades
   482 | D:3      | Reached skill level 1 in Maces & Flails
   482 | D:3      | Reached skill level 1 in Polearms
   482 | D:3      | Reached skill level 1 in Staves
   482 | D:3      | Reached skill level 1 in Slings
   482 | D:3      | Reached skill level 1 in Bows
   482 | D:3      | Reached skill level 1 in Crossbows
   482 | D:3      | Reached skill level 1 in Throwing
   482 | D:3      | Reached skill level 1 in Stealth
   482 | D:3      | Reached skill level 1 in Shields
   482 | D:3      | Reached skill level 1 in Unarmed Combat
   482 | D:3      | Reached skill level 1 in Evocations
   484 | D:3      | Reached XP level 4. HP: 38/38 MP: 1/11
   654 | D:3      | Noticed an ogre
   660 | D:3      | Killed an ogre
   660 | D:3      | Reached skill level 3 in Armour
   660 | D:3      | Reached skill level 1 in Conjurations
   660 | D:3      | Reached skill level 1 in Hexes
   660 | D:3      | Reached skill level 1 in Summonings
   660 | D:3      | Reached skill level 1 in Necromancy
   660 | D:3      | Reached skill level 1 in Translocations
   660 | D:3      | Reached skill level 1 in Transmutations
   660 | D:3      | Reached skill level 1 in Fire Magic
   660 | D:3      | Reached skill level 1 in Ice Magic
   660 | D:3      | Reached skill level 1 in Air Magic
   660 | D:3      | Reached skill level 1 in Earth Magic
   660 | D:3      | Reached skill level 1 in Poison Magic
   660 | D:3      | Reached XP level 5. HP: 16/43 MP: 2/12
   743 | D:4      | Found a sand-covered staircase.
   751 | Ossuary  | Entered an ossuary
   781 | Ossuary  | Reached skill level 2 in Invocations
   781 | Ossuary  | Reached XP level 6. HP: 44/50 MP: 5/13
   801 | Ossuary  | Reached skill level 5 in Fighting
   801 | Ossuary  | Reached skill level 5 in Axes
   801 | Ossuary  | Reached skill level 5 in Dodging
   803 | Ossuary  | Reached skill level 2 in Short Blades
   803 | Ossuary  | Reached skill level 2 in Long Blades
   803 | Ossuary  | Reached skill level 2 in Maces & Flails
   803 | Ossuary  | Reached skill level 2 in Polearms
   803 | Ossuary  | Reached skill level 2 in Staves
   803 | Ossuary  | Reached skill level 2 in Slings
   803 | Ossuary  | Reached skill level 2 in Bows
   803 | Ossuary  | Reached skill level 2 in Crossbows
   803 | Ossuary  | Reached skill level 2 in Throwing
   803 | Ossuary  | Reached skill level 2 in Stealth
   803 | Ossuary  | Reached skill level 2 in Shields
   803 | Ossuary  | Reached skill level 2 in Unarmed Combat
   803 | Ossuary  | Reached skill level 2 in Evocations
   899 | Ossuary  | Reached XP level 7. HP: 56/56 MP: 0/15
   982 | D:5      | Entered Level 5 of the Dungeon
  1015 | D:4      | Reached skill level 2 in Conjurations
  1015 | D:4      | Reached skill level 2 in Hexes
  1015 | D:4      | Reached skill level 2 in Summonings
  1015 | D:4      | Reached skill level 2 in Necromancy
  1015 | D:4      | Reached skill level 2 in Translocations
  1015 | D:4      | Reached skill level 2 in Transmutations
  1015 | D:4      | Reached skill level 2 in Fire Magic
  1015 | D:4      | Reached skill level 2 in Ice Magic
  1015 | D:4      | Reached skill level 2 in Air Magic
  1015 | D:4      | Reached skill level 2 in Earth Magic
  1015 | D:4      | Reached skill level 2 in Poison Magic
  1031 | D:4      | Found an ornate altar of the Wu Jian Council.
  1045 | D:4      | Found Weut's Magic Scroll Emporium.
  1055 | D:4      | Bought a scroll of identify for 26 gold pieces
  1055 | D:4      | Bought a scroll of remove curse for 39 gold pieces
  1055 | D:4      | Bought a scroll of identify for 26 gold pieces
  1082 | D:5      | Noticed Blork the orc
  1087 | D:5      | Killed Blork the orc
  1116 | D:3      | Noticed Thian's ghost (amateur MfSk)
  1126 | D:3      | Killed Thian's ghost
  1126 | D:3      | Reached skill level 3 in Invocations
  1183 | D:5      | Found a sacrificial altar of Ru.
  1200 | D:5      | Reached XP level 8. HP: 48/63 MP: 4/16
  1202 | D:5      | Reached skill level 6 in Charms
  1215 | D:5      | Found Irribota's Distillery.
  1224 | D:5      | Bought a potion of curing for 39 gold pieces
  1228 | D:5      | Reached skill level 4 in Armour
  1239 | D:5      | Found an iron altar of Okawaru.
  1275 | D:6      | Reached skill level 3 in Short Blades
  1275 | D:6      | Reached skill level 3 in Long Blades
  1275 | D:6      | Reached skill level 3 in Maces & Flails
  1275 | D:6      | Reached skill level 3 in Polearms
  1275 | D:6      | Reached skill level 3 in Staves
  1275 | D:6      | Reached skill level 3 in Slings
  1275 | D:6      | Reached skill level 3 in Bows
  1275 | D:6      | Reached skill level 3 in Crossbows
  1275 | D:6      | Reached skill level 3 in Throwing
  1275 | D:6      | Reached skill level 3 in Stealth
  1275 | D:6      | Reached skill level 3 in Shields
  1275 | D:6      | Reached skill level 3 in Unarmed Combat
  1275 | D:6      | Reached skill level 3 in Evocations
  1439 | D:6      | Reached skill level 6 in Spellcasting
  1494 | D:6      | Found a deep blue altar of Sif Muna.
  1494 | D:6      | Found a blossoming altar of Fedhas.
  1557 | D:5      | Noticed Ijyb
  1557 | D:5      | Noticed Edmund
  1562 | D:5      | Killed Edmund
  1564 | D:5      | Killed Ijyb
  1595 | D:6      | Got a crystal spear
  1596 | D:6      | Identified the +8 spear of Woicsayl {flame, rPois rN+ MR- MP+9} (You found it on level 6 of the Dungeon)
  1670 | D:7      | Found a snail-covered altar of Cheibriados.
  1676 | D:7      | Became a worshipper of Cheibriados the Contemplative
  1756 | D:8      | Reached skill level 3 in Conjurations
  1756 | D:8      | Reached skill level 3 in Hexes
  1756 | D:8      | Reached skill level 3 in Summonings
  1756 | D:8      | Reached skill level 3 in Necromancy
  1756 | D:8      | Reached skill level 3 in Translocations
  1756 | D:8      | Reached skill level 3 in Transmutations
  1756 | D:8      | Reached skill level 3 in Fire Magic
  1756 | D:8      | Reached skill level 3 in Ice Magic
  1756 | D:8      | Reached skill level 3 in Air Magic
  1756 | D:8      | Reached skill level 3 in Earth Magic
  1756 | D:8      | Reached skill level 3 in Poison Magic
  1756 | D:8      | Reached skill level 4 in Invocations
  1870 | D:7      | Reached XP level 9. HP: 63/69 MP: 18/18
  1938 | D:7      | Noticed Joseph
  1957 | D:7      | Killed Joseph
  1957 | D:7      | Reached skill level 6 in Fighting
  1957 | D:7      | Reached skill level 6 in Axes
  1957 | D:7      | Reached skill level 6 in Dodging
  1964 | D:7      | Reached skill level 4 in Short Blades
  1964 | D:7      | Reached skill level 4 in Long Blades
  1964 | D:7      | Reached skill level 4 in Maces & Flails
  1964 | D:7      | Reached skill level 4 in Polearms
  1964 | D:7      | Reached skill level 4 in Staves
  1964 | D:7      | Reached skill level 4 in Slings
  1964 | D:7      | Reached skill level 4 in Bows
  1964 | D:7      | Reached skill level 4 in Crossbows
  1964 | D:7      | Reached skill level 4 in Throwing
  1964 | D:7      | Reached skill level 4 in Stealth
  1964 | D:7      | Reached skill level 4 in Shields
  1964 | D:7      | Reached skill level 4 in Unarmed Combat
  1964 | D:7      | Reached skill level 4 in Evocations
  1997 | D:7      | Reached skill level 5 in Armour
  2007 | D:7      | Reached * piety under Cheibriados
  2104 | D:7      | Reached skill level 5 in Invocations
  2222 | D:8      | Reached ** piety under Cheibriados
  2222 | D:8      | Reached skill level 7 in Spellcasting
  2222 | D:8      | Reached XP level 10. HP: 73/76 MP: 20/20
  2269 | D:9      | Reached skill level 4 in Conjurations
  2269 | D:9      | Reached skill level 4 in Hexes
  2269 | D:9      | Reached skill level 4 in Summonings
  2269 | D:9      | Reached skill level 4 in Necromancy
  2269 | D:9      | Reached skill level 4 in Translocations
  2269 | D:9      | Reached skill level 4 in Transmutations
  2269 | D:9      | Reached skill level 4 in Fire Magic
  2269 | D:9      | Reached skill level 4 in Ice Magic
  2269 | D:9      | Reached skill level 4 in Air Magic
  2269 | D:9      | Reached skill level 4 in Earth Magic
  2269 | D:9      | Reached skill level 4 in Poison Magic
  2286 | D:10     | Entered Level 10 of the Dungeon
  2332 | D:10     | Noticed a two-headed ogre
  2339 | D:10     | Killed a two-headed ogre
  2339 | D:10     | Reached skill level 7 in Fighting
  2339 | D:10     | Reached skill level 5 in Short Blades
  2339 | D:10     | Reached skill level 5 in Long Blades
  2339 | D:10     | Reached skill level 7 in Axes
  2339 | D:10     | Reached skill level 5 in Maces & Flails
  2339 | D:10     | Reached skill level 5 in Polearms
  2339 | D:10     | Reached skill level 5 in Staves
  2339 | D:10     | Reached skill level 5 in Slings
  2339 | D:10     | Reached skill level 5 in Bows
  2339 | D:10     | Reached skill level 5 in Crossbows
  2339 | D:10     | Reached skill level 5 in Throwing
  2339 | D:10     | Reached skill level 7 in Dodging
  2339 | D:10     | Reached skill level 5 in Stealth
  2339 | D:10     | Reached skill level 5 in Shields
  2339 | D:10     | Reached skill level 5 in Unarmed Combat
  2339 | D:10     | Reached skill level 7 in Charms
  2339 | D:10     | Reached skill level 5 in Evocations
  2341 | D:11     | Noticed a cyclops
  2354 | D:10     | Noticed Fannar
  2376 | D:10     | Reached skill level 6 in Armour
  2385 | D:10     | Killed Fannar
  2385 | D:10     | Reached skill level 6 in Invocations
  2405 | D:10     | Reached XP level 11. HP: 53/83 MP: 18/22
  2411 | D:10     | Reached *** piety under Cheibriados
  2447 | D:10     | Found a staircase to the Lair.
  2457 | Lair:1   | Entered Level 1 of the Lair of Beasts
  2558 | Lair:2   | Reached skill level 6 in Short Blades
  2558 | Lair:2   | Reached skill level 6 in Long Blades
  2558 | Lair:2   | Reached skill level 6 in Maces & Flails
  2558 | Lair:2   | Reached skill level 6 in Polearms
  2558 | Lair:2   | Reached skill level 6 in Staves
  2558 | Lair:2   | Reached skill level 6 in Slings
  2558 | Lair:2   | Reached skill level 6 in Bows
  2558 | Lair:2   | Reached skill level 6 in Crossbows
  2558 | Lair:2   | Reached skill level 6 in Throwing
  2558 | Lair:2   | Reached skill level 6 in Stealth
  2558 | Lair:2   | Reached skill level 6 in Shields
  2558 | Lair:2   | Reached skill level 6 in Unarmed Combat
  2558 | Lair:2   | Reached skill level 5 in Conjurations
  2558 | Lair:2   | Reached skill level 5 in Hexes
  2558 | Lair:2   | Reached skill level 5 in Summonings
  2558 | Lair:2   | Reached skill level 5 in Necromancy
  2558 | Lair:2   | Reached skill level 5 in Translocations
  2558 | Lair:2   | Reached skill level 5 in Transmutations
  2558 | Lair:2   | Reached skill level 5 in Fire Magic
  2558 | Lair:2   | Reached skill level 5 in Ice Magic
  2558 | Lair:2   | Reached skill level 5 in Air Magic
  2558 | Lair:2   | Reached skill level 5 in Earth Magic
  2558 | Lair:2   | Reached skill level 5 in Poison Magic
  2558 | Lair:2   | Reached skill level 6 in Evocations
  2574 | Lair:2   | Reached skill level 8 in Spellcasting
  2579 | Lair:2   | Reached **** piety under Cheibriados
  2586 | Lair:2   | !
  2592 | Lair:2   | Learned a level 5 spell: Borgnjor's Vile Clutch
  2597 | Lair:2   | Learned a level 4 spell: Animate Dead
  2704 | Lair:2   | Reached skill level 7 in Invocations
  2713 | Lair:2   | Found a staircase to the Shoals.
  2727 | Shoals:1 | Entered Level 1 of the Shoals
  2745 | Shoals:1 | Noticed a merfolk impaler
  2766 | Shoals:1 | Reached skill level 8 in Fighting
  2766 | Shoals:1 | Reached skill level 8 in Axes
  2766 | Shoals:1 | Reached skill level 7 in Armour
  2766 | Shoals:1 | Reached skill level 8 in Dodging
  2768 | Shoals:1 | Noticed a merfolk aquamancer
  2772 | Shoals:1 | Killed a merfolk aquamancer
  2787 | Shoals:1 | Noticed a cyclops
  2807 | Shoals:1 | Killed a cyclops
  2807 | Shoals:1 | Reached ***** piety under Cheibriados
  2807 | Shoals:1 | Reached XP level 12. HP: 64/92 MP: 6/24
  2810 | Shoals:1 | Learned a level 1 spell: Animate Skeleton
  2847 | Shoals:2 | Reached skill level 8 in Charms
  2849 | Shoals:2 | Noticed a merfolk avatar
  2852 | Shoals:3 | Found Gopyfouss's Goods Gallery.
  2884 | Shoals:3 | Noticed Kirke
  2896 | Shoals:3 | Noticed Bai Suzhen
  2899 | Shoals:3 | Found a hide-covered altar of Uskayaw.
  2900 | Shoals:3 | Noticed a merfolk javelineer
  2900 | Shoals:3 | HP: 1/94 [merfolk javelineer/spear of flaming (9)]
  2900 | Shoals:3 | Slain by a merfolk javelineer

Skill      XL: |  1  2  3  4  5  6  7  8  9 10 11 12 |
---------------+-------------------------------------+-----
Spellcasting   | 5 6 7 8 |  8.6
Invocations    | 1 2 3 4 5 6 7 |  7.5
Short Blades   | 1 2 3 4 5 6 |  6.9
Long Blades    | 1 2 3 4 5 6 |  6.9
Maces & Flails | 1 2 3 4 5 6 |  6.9
Polearms       | 1 2 3 4 5 6 |  6.9
Staves         | 1 2 3 4 5 6 |  6.9
Slings         | 1 2 3 4 5 6 |  6.9
Bows           | 1 2 3 4 5 6 |  6.9
Crossbows      | 1 2 3 4 5 6 |  6.9
Throwing       | 1 2 3 4 5 6 |  6.9
Stealth        | 1 2 3 4 5 6 |  6.9
Shields        | 1 2 3 4 5 6 |  6.9
Unarmed Combat | 1 2 3 4 5 6 |  6.9
Evocations     | 1 2 3 4 5 6 |  6.9
Armour         | 3 4 5 6 7 |  7.4
Conjurations   | 1 2 3 4 5 |  5.7
Hexes          | 1 2 3 4 5 |  5.7
Summonings     | 1 2 3 4 5 |  5.7
Necromancy     | 1 2 3 4 5 |  5.7
Translocations | 1 2 3 4 5 |  5.7
Transmutations | 1 2 3 4 5 |  5.7
Fire Magic     | 1 2 3 4 5 |  5.7
Ice Magic      | 1 2 3 4 5 |  5.7
Air Magic      | 1 2 3 4 5 |  5.7
Earth Magic    | 1 2 3 4 5 |  5.7
Poison Magic   | 1 2 3 4 5 |  5.7
Fighting       | 5 6 7 8 |  8.4
Axes           | 5 6 7 8 |  8.4
Dodging        | 5 6 7 8 |  8.4
Charms         | 6 7 8 |  8.0

Action                   |  1- 3 |  4- 6 |  7- 9 | 10-12 || total
-------------------------+-------+-------+-------+-------++-------
Melee: Hand axe          |    77 |    20 |       |       ||    97
       Bite              |     4 |    20 |    20 |    30 ||    74
       War axe           |       |   116 |    86 |       ||   202
       Punch             |       |     1 |     7 |       ||     8
       Spear             |       |       |    83 |   152 ||   235
       Dagger            |       |       |     1 |       ||     1
       Flail             |       |       |       |     4 ||     4
Throw: Tomahawk          |       |       |     3 |    13 ||    16
 Cast: Infusion          |     2 |       |     1 |       ||     3
       Song of Slaying   |     6 |     7 |    11 |     9 ||    33
       Shroud of Golubri |     2 |     1 |     8 |     5 ||    16
       Spectral Weapon   |     4 |     9 |    30 |    22 ||    65
       Regeneration      |       |     1 |     4 |    12 ||    17
       Borgnjor's Vile C |       |       |       |     4 ||     4
       Animate Dead      |       |       |       |     2 ||     2
Invok: Temporal Distorti |       |       |       |     1 ||     1
Evoke: Wand              |       |       |     7 |    20 ||    27
  Use: Scroll            |       |     5 |    11 |     2 ||    18
       Potion            |       |       |     1 |     4 ||     5
 Stab: Distracted        |     1 |       |     3 |       ||     4
       Sleeping          |       |       |     2 |       ||     2
  Eat: Chunk             |       |     1 |     5 |     1 ||     7
       Ration            |       |       |     1 |     1 ||     2
Armor: Leather armour    |    14 |     4 |       |       ||    18
       Ring mail         |       |    34 |    71 |    30 ||   135
Dodge: Dodged            |    61 |    73 |   110 |    90 ||   334
Block: Buckler           |       |       |       |    38 ||    38

Table legend:
 A = Turns spent in this place as a percentage of turns spent in the entire game.
 B = Non-inter-level travel turns spent in this place as a percentage of non-inter-level travel turns spent in the entire game.
 C = Inter-level travel turns spent in this place as a percentage of turns spent in this place.
 D = Turns resting spent in this place as a percentage of non-inter-level travel turns spent in this place.
 E = Turns spent auto-exploring this place as a percentage of non-inter-level travel turns spent in this place.
 F = Non-inter-level travel turns spent in this place divided by the number of levels of this place that you've seen.
                   A       B       C       D       E      F
               +-------+-------+-------+-------+-------+----------------------
         Total | 100.0 | 100.0 |   0.6 |   0.2 |   0.0 | 169.5
       Dungeon |  78.5 |  78.3 |   0.8 |   0.0 |   0.0 | 205.3
          Lair |   9.3 |   9.4 |   0.0 |   0.0 |   0.0 | 135.0
        Shoals |   6.0 |   6.0 |   0.0 |   2.9 |   0.0 |  57.7
       Ossuary |   6.2 |   6.3 |   0.0 |   0.0 |   0.0 | 181.0
               +-------+-------+-------+-------+-------+----------------------

Table legend:
 A = Kills in this place as a percentage of kills in entire the game.
 B = Kills by you in this place as a percentage of kills by you in the entire game.
 C = Kills by friends in this place as a percentage of kills by friends in the entire game.
 D = Other kills in this place as a percentage of other kills in the entire game.
 E = Experience gained in this place as a percentage of experience gained in the entire game.
 F = Experience gained in this place divided by the number of levels of this place that you have seen.
                   A       B       C       D       E      F
               +-------+-------+-------+-------+-------+----------------------
         Total | 100.0 | 100.0 | 100.0 |   N/A | 100.0 | 1213.7
       Dungeon |  66.8 |  67.1 |   0.0 |   N/A |  46.1 | 865.2
          Lair |  14.0 |  14.1 |   0.0 |   N/A |  25.7 | 2648.0
        Shoals |   6.0 |   5.6 | 100.0 |   N/A |  26.4 | 1817.0
       Ossuary |  13.2 |  13.2 |   0.0 |   N/A |   1.8 | 369.0
               +-------+-------+-------+-------+-------+----------------------

Vault maps used:
D:1:      minmay_arrival_glassed_features, minmay_lizard_pond
D:2:      serial_corexii_hall, corexii_hall_statues_x, corexii_hall_statues_l,
          minmay_misc_feat_ornament
D:4:      kennysheep_little_box, kennysheep_mini, nicolae_ossuary_entry_ruins,
          serial_shops, shop, first_ration
D:5:      nemelex_xobeh_ov_fountains_minmay, marbit_many_paths,
          lemuel_doored_altar, lemuel_crystal_altar, serial_shops, shop,
          uniq_blork_the_orc, uniq_sigmund, uniq_grinder, uniq_ijyb, uniq_edmund
D:6:      gammafunk_temple_overflow_elements, minmay_misc_feat_iff
D:7:      kennysheep_windowed_halls, lemuel_crystal_altar,
          makhleb_grotto_becter, temple_hall, uniq_joseph, uniq_menkaure
D:8:      old_standard_altar
D:10:     minmay_lair_entry_grove, uniq_fannar
D:11:     enter_bailey_2, basic_altar, kennysheep_generic_room_5,
          uniq_gastronok, uniq_nergalle
Lair:1:   serial_bayou, serial_bayou_ford_a, serial_bayou_pond_e,
          serial_bayou_pond_d, serial_bayou_pond_c, beast_lair_carwin_10,
          grunt_megastairs_5, uniq_grum
Lair:2:   minmay_shoals_entry_hut, grunt_megastairs_3
Shoals:1: uniq_roxanne
Shoals:2: nicolae_shoals_kraken_intersection, uniq_polyphemus
Shoals:3: nicolae_alphabet_shops, regret_index_shoals_crete, uniq_nikola,
          uniq_bai_suzhen, uniq_kirke
Ossuary:  ossuary_tomb_2
